 Dungeon Crawl Stone Soup version 0.28-a0-1387-g3a22ab9bdc (webtiles) character file.

Game seed: 17537855608952384488

44 Deminshera the Shooter (level 3, -5/21 HPs)
             Began as a Deep Elf Hunter on Jan 2, 2022.
             Slain by Sigmund (9 damage)
             ... on level 2 of the Dungeon.
             The game lasted 00:01:25 (1560 turns).

Deminshera the Shooter (Deep Elf Hunter)            Turns: 1560, Time: 00:01:26

Health: -5/21      AC:  4    Str: 11    XL:     3   Next: 41%
Magic:  5/5        EV: 13    Int: 15    God:
Gold:   86         SH:  0    Dex: 21    Spells: 2/2 levels left

rFire   . . .      SeeInvis .   a - +1 shortbow
rCold   . . .      Faith    .   (shield currently unavailable)
rNeg    . . .      Spirit   .   c - +0 leather armour
rPois   .          Reflect  .   (no helmet)
rElec   .          Harm     .   j - +0 cloak
rCorr   .          Rampage  .   (no gloves)
Will    .....                   (no boots)
Stlth   ++........              (no amulet)
HPRegen 0.07/turn               g - +6 ring of dexterity
MPRegen 0.09/turn               (no ring)

@: no status effects
A: no striking features
a: no special abilities


You were on level 2 of the Dungeon.
You visited 1 branch of the dungeon, and saw 2 of its levels.

You collected 86 gold pieces.

Inventory:

Hand Weapons
 a - a +1 shortbow (weapon)
 b - a +0 short sword
Missiles
 d - 22 arrows (quivered ammo)
Armour
 c - a +0 leather armour (worn)
 j - a +0 cloak (worn)
Jewellery
 g - a +6 ring of dexterity (left hand)
Scrolls
 e - a scroll of blinking {unknown}
 f - a scroll of enchant weapon {unknown}
 h - a scroll of teleportation {unknown}
 m - a scroll of identify {unknown}
Potions
 i - a potion of curing {unknown}
 k - 2 potions of mutation {unknown}
 l - a potion of attraction {unknown}


   Skills:
 + Level 2.1 Fighting
 + Level 5.7 Bows
 + Level 3.1 Dodging
 + Level 2.5 Stealth


You had 2 spell levels left.
You didn't know any spells.
Your spell library was empty.

Dungeon Overview and Level Annotations

Branches:
Dungeon (2/15)

Altars:

Annotations:
D:2 Sigmund


Message History

Press: ? - help, Q - select action Shift-Dir - straight line You shoot an arrow.
A puff of flame appears from out of thin air!
The puff of flame hits you!
Unknown command.
Fire: 31 arrows
Press: ? - help, Q - select action Shift-Dir - straight line You shoot an arrow.
Fire: 30 arrows
Press: ? - help, Q - select action Shift-Dir - straight line You shoot an arrow.
Fire: 29 arrows
Press: ? - help, Q - select action Shift-Dir - straight line You shoot an arrow.
Something barely misses you.
Fire: 28 arrows
Press: ? - help, Q - select action Shift-Dir - straight line You shoot an arrow.
Fire: 27 arrows
Press: ? - help, Q - select action Shift-Dir - straight line You shoot an arrow.
A magic dart appears from out of thin air!
The magic dart hits you.
Fire: 26 arrows
Press: ? - help, Q - select action Shift-Dir - straight line You shoot an arrow.
Something hits you but does no damage.
Fire: 25 arrows
Press: ? - help, Q - select action Shift-Dir - straight line You shoot an arrow.
Something hits you.
* * * LOW HITPOINT WARNING * * *
Fire: 24 arrows
Press: ? - help, Q - select action Shift-Dir - straight line You shoot an arrow.
Fire: 23 arrows
Press: ? - help, Q - select action Shift-Dir - straight line You shoot an arrow.
Something hits you!
You die...

.##....(# #.##.#
...
#.###.########.##.#
.. #.#
#(............# ..
#.# ##)........####
##. #.# #.#########
... #.# #.# #.###.#
#.# #.....####.#
#.(?.(.{.@.#
#..######### #..
#.. #.. ..S ##.{
#..


There were no monsters in sight!

Vanquished Creatures
  An adder (D:1)
  A dart slug (D:2)
  5 bats
  A giant cockroach (D:2)
  4 goblins
  A hobgoblin (D:1)
  4 jackals (D:1)
  3 quokkas (D:1)
  4 ball pythons
  A frilled lizard (D:1)
  A kobold (D:2)
  4 rats
30 creatures vanquished.

Notes
Turn   | Place    | Note
-------+----------+-------------------------------------------
     0 | D:1      | Deminshera the Deep Elf Hunter began the quest for the Orb.
     0 | D:1      | Reached XP level 1. HP: 12/12 MP: 3/3
   312 | D:1      | Reached XP level 2. HP: 17/17 MP: 4/4
   569 | D:1      | Found a faded altar of an unknown god.
   824 | D:1      | Reached XP level 3. HP: 5/21 MP: 5/5
  1541 | D:2      | Noticed Sigmund
  1560 | D:2      | Slain by Sigmund

Illustrated notes

Levels and vault maps discovered:
D:1:      tarquinn_simple_flora_water_f, layout_loops_cross,
          hellmonk_ecumenical_altar_heavens_door
D:2:      layout_loops_ring, roderic_nine_men_s_morris, guppyfry_early_orc_mine,
          uniq_sigmund

Skill      XL: |  1  2 |
---------------+-------+-----
Stealth        | 2 |  2.5
Fighting       | 2 |  2.1
Dodging        | 3 |  3.1
Bows           | |  5.7

Action                   || total
-------------------------++-------
 Fire: Shortbow          ||    88
Armor: Leather armour    ||     8
Dodge: Dodged            ||    20

Table legend: (Time is in decaauts)
 A = Elapsed time spent in this place.
 B = Non-inter-level travel time spent in this place.
 C = Inter-level travel time spent in this place.
 D = Time resting spent in this place.
 E = Time spent auto-exploring this place.
 F = Levels seen in this place.
 G = Mean time per level.
                   A        B        C        D        E       F      G
               +--------+--------+--------+--------+--------+-----+--------+
         Total |   1562 |   1516 |     46 |    450 |    883 |   2 |  781.0 |
       Dungeon |   1562 |   1516 |     46 |    450 |    883 |   2 |  781.0 |
               +--------+--------+--------+--------+--------+-----+--------+

Top non-repeatable levels by time:
     D:1: 1263 daAuts
     D:2: 298 daAuts
